 Dungeon Crawl Stone Soup version 0.30-a0-43-gbbf338a72c (webtiles) character file.

Game seed: 4985532735090659789

5 Nattfarinn the Stinger (level 1, 0/10 HPs)
             Began as a Gargoyle Venom Mage on Aug 31, 2022.
             Frozen to death by an endoplasm (3 damage)
             ... on level 1 of the Dungeon.
             The game lasted 00:00:37 (260 turns).

Nattfarinn the Stinger (Gargoyle Venom Mage)         Turns: 260, Time: 00:00:38

Health: 0/10       AC:  4    Str: 11    XL:     1   Next: 80%
Magic:  0/3        EV: 11    Int: 15    God:
Gold:   10         SH:  0    Dex: 10    Spells: 3/4 levels left

rFire   . . .      SeeInvis .    (no weapon)
rCold   . . .      Faith    .    (no shield)
rNeg    + . .      Spirit   .    a - +0 robe
rPois   ∞          Reflect  .    (no helmet)
rElec   +          Harm     .    (no cloak)
rCorr   .          Rampage  .    (no gloves)
Will    .....                    (no boots)
Stlth   ++........               (no amulet)
HPRegen 0.03/turn                (no ring)
MPRegen 0.08/turn                (no ring)

@: no status effects
A: sickness immunity, AC +2, negative energy resistance 1, electricity
resistance, torment resistance 1, petrification resistance
a: no special abilities


You were on level 1 of the Dungeon.
You visited 1 branch of the dungeon, and saw 1 of its levels.

You collected 10 gold pieces.

Inventory:

Armour
 a - a +0 robe (worn)
Potions
 b - a potion of magic
 c - 2 potions of mutation {unknown}


   Skills:
 - Level 1.5 Dodging
 - Level 2.1 Stealth
 * Level 2.4 Spellcasting
 - Level 0.7 Transmutations
 - Level 3.0 Poison Magic


You had 3 spell levels left.
You knew the following spells:

 Your Spells              Type           Power      Damage    Failure   Level
a - Sting                 Tmut/Pois      28%        1d4       10%         1

Your spell library contained the following spells:

 Spells                   Type           Power      Damage    Failure   Level
 Poisonous Vapours        Pois/Air       12%        N/A       17%         2
 Mephitic Cloud           Conj/Pois/Air  4%         N/A       38%         3
 Olgreb's Toxic Radiance  Pois           10%        N/A       52%         4


Dungeon Overview and Level Annotations

Branches:
Dungeon (1/15)

Altars:


Innate Abilities, Weirdness & Mutations

You are immune to sickness and miasma.
Your stone body is resilient. (AC +2)
You are immune to poison.
You resist negative energy. (rN+)
You are resistant to electric shocks. (rElec)
You are resistant to unholy torment.
You are immune to petrification.


Message History

You start resting.
Magic restored.
HP restored.
You see here a hobgoblin corpse.
You now have 10 gold pieces.
A kobold comes into view. It is wielding a +0 club.
An endoplasm comes into view.
Found a pink potion.
The kobold shouts!
The endoplasm quivers.
A ball python comes into view.
The sting hits the kobold.
The kobold is poisoned.
The kobold is moderately wounded.
The kobold hits you with a +0 club. The endoplasm freezes you.
You are frozen.
* * * LOW HITPOINT WARNING * * *
The kobold attacks as you move away! The kobold closely misses you.
The endoplasm attacks as you move away! The endoplasm misses you.
You are too injured to fight recklessly!
You see here a hobgoblin corpse.
You are too injured to fight recklessly!
Casting: Sting (safe; 10% risk of failure)
Confirm with . or Enter, or press ? or * to list all spells.
Aiming: Sting (safe; 10% risk of failure)
Press: ? - help, Shift-Dir - straight line, f/p - kobold
Aim: a kobold, wielding a +0 club (severely wounded, poisoned, 60% to hit)
The sting hits the kobold.
The kobold looks even sicker.
You kill the kobold!
Casting: Sting (safe; 10% risk of failure)
Confirm with . or Enter, or press ? or * to list all spells.
Aiming: Sting (safe; 10% risk of failure)
Press: ? - help, Shift-Dir - straight line, f - endoplasm
Aim: an endoplasm (97% to hit)
The sting hits the endoplasm.
The endoplasm partially resists.
The endoplasm is poisoned.
The endoplasm is lightly wounded.
The endoplasm freezes you.
You are frozen.
You die...

.K..#...... ....#......
..#..#..... #.##.#....## ## #
###.##.#.[...## #..
#..##...##... #...########...
........##.####............##
..........†..@J....#####.....
#############.#####...........(#
#V#K#e#p#9#O#..# ##..........>#
##############.# ##........$.#.
............'..# #...........#
################ #.##.#......#
#N#p#o#i#e#p# #.. #........#
############# ................
..............###


You could see an endoplasm (poisoned).

Vanquished Creatures
  An endoplasm (D:1)
  A hobgoblin (D:1)
  A kobold (D:1)
  A ball python (D:1)
  A rat (D:1)
5 creatures vanquished.

Notes
Turn   | Place    | Note
-------+----------+-------------------------------------------
     0 | D:1      | Nattfarinn the Gargoyle Venom Mage began the quest for the
                  | Orb.
     0 | D:1      | Reached XP level 1. HP: 10/10 MP: 3/3
     2 | D:1      | Noticed an octopode
     2 | D:1      | Noticed a formicid
     4 | D:1      | Noticed a troll
     4 | D:1      | Noticed a tengu
     6 | D:1      | Noticed a palentonga
     6 | D:1      | Noticed a demonspawn
     9 | D:1      | Noticed a minotaur
    11 | D:1      | Noticed an ogre
    11 | D:1      | Noticed a demigod
    13 | D:1      | Noticed a ghoul
    13 | D:1      | Noticed a merfolk
    15 | D:1      | Noticed a felid
    15 | D:1      | Noticed a vine stalker
    17 | D:1      | Noticed a vampire
    17 | D:1      | Noticed a naga
    19 | D:1      | Noticed a human
    21 | D:1      | Noticed an elf
    23 | D:1      | Noticed a meteoran
    23 | D:1      | Noticed a spriggan
    25 | D:1      | Noticed a gargoyle
    25 | D:1      | Noticed an elf
    27 | D:1      | Noticed an ogre
    27 | D:1      | Noticed a human
   260 | D:1      | Frozen to death by an endoplasm

Illustrated notes

Levels and vault maps discovered:
D:1:      kb_arrival_jail, layout_rooms,
          hellmonk_ecumenical_altar_the_god_not_taken,
          hangedman_decor_clover_reticule

Action                   || total
-------------------------++-------
Melee: Unarmed           ||     7
 Cast: Sting             ||    10
Armor: Robe              ||     1
Dodge: Dodged            ||    10

Table legend: (Time is in decaauts)
 A = Elapsed time spent in this place.
 B = Non-inter-level travel time spent in this place.
 C = Inter-level travel time spent in this place.
 D = Time resting spent in this place.
 E = Time spent auto-exploring this place.
 F = Levels seen in this place.
 G = Mean time per level.
                   A        B        C        D        E       F      G
               +--------+--------+--------+--------+--------+-----+--------+
         Total |    260 |    260 |      0 |     34 |    168 |   1 |  260.0 |
       Dungeon |    260 |    260 |      0 |     34 |    168 |   1 |  260.0 |
               +--------+--------+--------+--------+--------+-----+--------+

Top non-repeatable levels by time:
     D:1: 260 daAuts
